 Dungeon Sprint DCSS version 0.21.1-1-g345015f (webtiles) character file.

1765 cultivahabas the Grappler (level 8, 0/91 HPs)
             Began as a Troll Fighter on May 21, 2018.
             Was a Believer of the Shining One.
             Succumbed to Sonja's poison
             ... in the Dungeon (Sprint I: "Red Sonja").
             The game lasted 00:02:17 (305 turns).

cultivahabas the Grappler (Troll Fighter)            Turns: 305, Time: 00:02:17

Health: 0/91       AC:  5    Str: 25    XL:     8   Next: 79%
Magic:  7/7        EV: 10    Int:  4    God:    the Shining One [**....]
Gold:   417        SH: 11    Dex: 11    Spells: 7/7 levels left

rFire    . . .     SeeInvis .     - Unarmed
rCold    . . .     Gourm    +   b - +0 shield
rNeg     + . .     Faith    .   a - +0 robe
rPois    .         Spirit   .   (helmet restricted)
rElec    .         Reflect  .   (no cloak)
rCorr    .         Harm     .   (gloves unavailable)
MR       .....     NoTele   +   (boots unavailable)
Stlth    +.........             (no amulet)
HPRegen  0.65/turn              (no ring)
MPRegen  0.10/turn              (no ring)

@: lethally poisoned (0 -> -11), berserk cooldown, hasted and slowed, glowing
A: large, unfitting armour, claws 3, fast metabolism 3, gourmand, regeneration
1, shaggy fur 1, tough skin 2
a: Divine Shield, Renounce Religion


You were in the Dungeon.
You worshipped the Shining One.
The Shining One was pleased with you.
You were not hungry.

You visited 1 branch You collected 417 gold pieces.

Inventory:

Armour
 a - a +0 robe (worn)
 b - a +0 shield (worn)
Jewellery
 k - a cursed ring of loudness {unknown}
Scrolls
 j - a scroll of blinking
Potions
 c - a potion of might
 h - 2 potions of magic
Comestibles
 d - 2 rations
 l - 6 chunks of flesh


   Skills:
 + Level 8.8 Fighting
 - Level 2.4 Dodging
 + Level 8.8 Shields
 * Level 13.6 Unarmed Combat


You had 7 spell levels left.
You didn't know any spells.

Dungeon Overview and Level Annotations

Branches:
Dungeon (1/1)

Altars:
Cheibriados
Dithmenos
Elyvilon
Fedhas
Gozag
Hepliaklqana
Kikubaaqudgha
Makhleb
Nemelex Xobeh
Okawaru
Qazlal
Ru
Sif Muna
Trog
Uskayaw
Vehumet
Wu Jian
Xom
Yredelemnul
Zin
The Shining One
Jiyva
Lugonu

Shops:
D %


Innate Abilities, Weirdness & Mutations

You are too large for most types of armour.
You have claws for hands.
Your metabolism is lightning-fast.
You like to eat raw meat.
Your natural rate of healing is unusually fast.
You are covered in fur. (AC +1)
You have very tough skin. (AC +2)


Message History

You see here 4 curare-tipped needles.
You feel your anger nearly subside.
You are no longer berserk.
You pass out from exhaustion.
You feel as though you will be slow longer.
* * * LOW HITPOINT WARNING * * *
You feel very sick.
* * * LOW HITPOINT WARNING * * *
You feel very sick.
* * * LOW HITPOINT WARNING * * *
You feel sick.
* * * LOW HITPOINT WARNING * * *
You feel very sick.
You can move again.
Unknown command.
Unknown command.
* * * LOW HITPOINT WARNING * * *
You feel sick.
* * * LOW HITPOINT WARNING * * *
You feel very sick.
You die...

##########################
#<.#..)..#..'..#__#..))..#
#..').#..').#..'..'..#...#
#..#####'#####'#__####...+
#..####..#...#.#### #####
#..#__####..##.#
#..#_____##'#_.+
#⌠⌠#_.∩...'.@._#
####_..__##_(#+#
#_____###'# ####### #)#
+$.$+ #$.$# ##.## #+#


There were no monsters in sight!

Vanquished Creatures
  Sonja (D)
  2 kobold demonologists (D)
  A slime creature (D)
  Sigmund (D)
  A yak (D)
  A floating eye (D)
  An ogre (D)
  A jelly (D)
  Ijyb (D)
10 creatures vanquished.

Notes
Turn   | Place    | Note
-------+----------+-------------------------------------------
     0 | D        | cultivahabas the Troll Fighter began the quest for the Orb.
     0 | D        | Reached XP level 1. HP: 22/22 MP: 0/0
     2 | D        | Noticed Ijyb
    14 | D        | Killed Ijyb
    14 | D        | Reached skill level 4 in Unarmed Combat
    14 | D        | Reached XP level 2. HP: 29/31 MP: 1/1
    17 | D        | Noticed an ogre
    24 | D        | Killed an ogre
    24 | D        | Reached skill level 6 in Unarmed Combat
    24 | D        | Reached XP level 3. HP: 22/40 MP: 2/2
    24 | D        | Reached XP level 4. HP: 27/49 MP: 3/3
   139 | D        | Noticed Sigmund
   146 | D        | Killed Sigmund
   146 | D        | Reached skill level 5 in Fighting
   146 | D        | Reached skill level 5 in Shields
   146 | D        | Reached skill level 9 in Unarmed Combat
   146 | D        | Reached XP level 5. HP: 50/59 MP: 4/4
   155 | D        | Found a burning altar of Makhleb.
   155 | D        | Found a shimmering altar of Xom.
   155 | D        | Noticed a slime creature
   156 | D        | Found a viscous altar of Jiyva.
   156 | D        | Found a corrupted altar of Lugonu.
   164 | D        | Killed a slime creature
   164 | D        | Reached skill level 10 in Unarmed Combat
   164 | D        | Reached XP level 6. HP: 58/68 MP: 5/5
   170 | D        | Found an ornate altar of the Wu Jian Council.
   170 | D        | Found a deep blue altar of Sif Muna.
   172 | D        | Found a radiant altar of Vehumet.
   202 | D        | Found Qiysyu's Food Emporium.
   202 | D        | Found an ancient bone altar of Kikubaaqudgha.
   202 | D        | Found a hazy altar of Hepliaklqana.
   202 | D        | Found a hide-covered altar of Uskayaw.
   202 | D        | Found a basalt altar of Yredelemnul.
   202 | D        | Found an opulent altar of Gozag.
   202 | D        | Found a snail-covered altar of Cheibriados.
   202 | D        | Found a sacrificial altar of Ru.
   202 | D        | Found a shadowy altar of Dithmenos.
   202 | D        | Noticed a yak
   212 | D        | Killed a yak
   212 | D        | Reached skill level 11 in Unarmed Combat
   212 | D        | Reached XP level 7. HP: 64/78 MP: 6/6
   213 | D        | Found a stormy altar of Qazlal.
   213 | D        | Found a blossoming altar of Fedhas.
   213 | D        | Found a bloodstained altar of Trog.
   213 | D        | Found an iron altar of Okawaru.
   213 | D        | Found a glowing golden altar of the Shining One.
   213 | D        | Found a glowing silver altar of Zin.
   213 | D        | Found a white marble altar of Elyvilon.
   216 | D        | Found a sparkling altar of Nemelex Xobeh.
   222 | D        | Became a worshipper of the Shining One
   249 | D        | Noticed a kobold demonologist
   252 | D        | Noticed a kobold demonologist
   252 | D        | Reached * piety under the Shining One
   253 | D        | Killed a kobold demonologist
   254 | D        | Paralysed by a floating eye for 3 turns
   258 | D        | Noticed an ice devil
   259 | D        | Killed a kobold demonologist
   259 | D        | Reached ** piety under the Shining One
   259 | D        | Reached skill level 12 in Unarmed Combat
   259 | D        | Reached XP level 8. HP: 87/88 MP: 7/7
   278 | D        | Noticed Sonja
   294 | D        | Killed Sonja
   294 | D        | Reached skill level 13 in Unarmed Combat
   303 | D        | HP: 4/91 [poisoned by Sonja]
   305 | D        | Succumbed to Sonja's poison

Skill      XL: |  1  2  3  4  5  6  7  8 |
---------------+-------------------------+-----
Fighting       | 3 4 5 6 7 8 |  8.8
Shields        | 3 4 5 6 7 8 |  8.8
Unarmed Combat | 4 6 9 10 11 12 13 | 13.6
Dodging        | |  2.4

Action                   |  1- 3 |  4- 6 |  7- 9 || total
-------------------------+-------+-------+-------++-------
Melee: Unarmed           |    18 |    24 |    14 ||    56
  Use: Potion            |       |       |     4 ||     4
 Stab: Sleeping          |       |     1 |       ||     1
Armor: Robe              |     2 |     1 |     4 ||     7
Dodge: Dodged            |     2 |     5 |     9 ||    16
Block: Shield            |     7 |     5 |    15 ||    27
